 Dungeon Crawl Stone Soup version 0.31-a0-198-g2ad674f65e (webtiles) character file.

Game seed: 18205893585019652774

519 qw the Skirmisher (level 7, -2/40 HPs)
             Began as a Deep Elf Hunter on June 25, 2023.
             Slain by an orc warrior
             ... wielding a +0 glaive
              (4 damage)
             ... on level 4 of the Dungeon.
             The game lasted 00:01:26 (3006 turns).

qw the Skirmisher (Deep Elf Hunter)                 Turns: 3006, Time: 00:01:27

Health: -2/40      AC: 12    Str: 13    XL:     7   Next: 1%
Magic:  0/9        EV: 13    Int: 14    God:
Gold:   195        SH:  0    Dex: 18    Spells: 6/6 levels left

rFire   . . .        Y - +0 shortbow
rCold   . . .        (shield currently unavailable)
rNeg    . . .        m - +3 leather armour of Light {Str+3 SInv}
rPois   .            b - +0 helmet
rElec   .            (no cloak)
rCorr   .            (no gloves)
SInv    +            c - +0 pair of boots
Will    .....        i - amulet of guardian spirit
Stlth   ++           e - +4 ring of protection
HPRegen 0.26/turn    (no ring)
MPRegen 0.11/turn

%: guardian spirit
@: no status effects
A: no striking features
a: no special abilities


You were on level 4 of the Dungeon.
You visited 1 branch of the dungeon, and saw 4 of its levels.

You collected 195 gold pieces.


   Skills:
 - Level 2.7 Fighting
 - Level 10.0 Ranged Weapons
 + Level 3.7 Dodging
 - Level 1.2 Stealth


You had 6 spell levels left.
You didn't know any spells.
Your spell library was empty.

Inventory:

Hand Weapons
 Y - a +0 shortbow (weapon)
Armour
 b - a +0 helmet (worn)
 c - a +0 pair of boots (worn)
 m - the +3 leather armour of Light (worn) {Str+3 SInv}
   (You found it on level 2 of the Dungeon)

   Str:       It affects your strength (+3).
   SInv:      It lets you see invisible.
Jewellery
 e - a +4 ring of protection (left hand)
 i - an amulet of guardian spirit (around neck)
Scrolls
 g - 2 scrolls of identify {unknown}
Potions
 a - a potion of might {unknown}
 d - a potion of degeneration {unknown}
 f - a potion of invisibility {unknown}
 h - 3 potions of curing
 k - a potion of brilliance {unknown}
 l - a potion of berserk rage {unknown}

Dungeon Overview and Level Annotations

Branches:
Dungeon (4/15)
 Temple: D:4-7

Altars:

Annotations:
D:4 Grinder


Message History

The iguana misses you.
You shoot an arrow. The arrow closely misses the iguana.
The iguana bites you but does no damage.
The orc warrior barely misses you.
You shoot an arrow. The arrow hits the iguana.
The iguana is heavily wounded.
The iguana bites you but does no damage.
The orc warrior closely misses you.
You shoot an arrow.
The arrow hits the iguana but does no damage.
The iguana is heavily wounded.
The iguana bites you!
The orc warrior hits you from afar with a +0 glaive.
You shoot an arrow. The arrow hits the iguana.
The iguana is severely wounded.
The iguana misses you.
The orc warrior hits you from afar with a +0 glaive!!
You shoot an arrow. The arrow hits the iguana.
The iguana is almost dead.
The iguana bites you but does no damage.
The orc warrior hits you but does no damage.
You shoot an arrow. The arrow hits the iguana.
You kill the iguana!
The orc warrior misses you.
You have reached level 7!
You shoot an arrow.
The arrow closely misses the orc warrior.
The orc warrior hits you from afar with a +0 glaive.
You shoot an arrow.
The arrow closely misses the orc warrior.
The orc warrior closely misses you.
You shoot an arrow. The arrow hits the orc warrior.
The orc warrior is heavily wounded.
You shoot an arrow.
The arrow closely misses the orc warrior.
The orc warrior closely misses you.
You shoot an arrow. The arrow hits the orc warrior.
The orc warrior is heavily wounded.
The orc warrior hits you from afar with a +0 glaive.
You die...

# ######### ######## ..
..#.... ##......# ..#
#.#... ##..##..## ..
#.#.#. ##..##..##.
#o#...#.##..##..##..
#..@..#....##.......
#....###.##..####.####.
#### #.##.####..# #.
#.........## ##
###.####### #..# ....#
....## ## #..... #.


You could see an orc warrior.

Vanquished Creatures
  Duvessa (D:4)
  A scorpion (D:4)
  Dowan (D:4)
  An iguana (D:4)
  2 sleepcaps (D:4)
  Natasha (twice) (D:3)
  4 adders
  4 gnolls
  2 worms
  A dart slug (D:2)
  6 orcs
  8 ball pythons
  7 endoplasms
  8 giant cockroaches
  8 goblins
  8 hobgoblins
  A quokka (D:3)
  7 bats
  13 frilled lizards
  8 kobolds
  4 rats
97 creatures vanquished.

Notes
Turn   | Place    | Note
-------+----------+-------------------------------------------
     0 | D:1      | qw the Deep Elf Hunter began the quest for the Orb.
     0 | D:1      | Reached XP level 1. HP: 12/12 MP: 3/3
     0 | D:1      | 0 ||| qw: Version: 0.3-a-22-g0ed2b0b
     0 | D:1      | 0 ||| qw: Game counter: 5387
     0 | D:1      | 0 ||| qw: Melee chars always use a shield: true
     0 | D:1      | 0 ||| qw: God list: Okawaru
     0 | D:1      | 0 ||| qw: Allow faded altars: false
     0 | D:1      | 0 ||| qw: Do Orc after clearing Dungeon:15 true
     0 | D:1      | 0 ||| qw: Do second Lair branch before Depths: true
     0 | D:1      | 0 ||| qw: Lair rune preference: random
     0 | D:1      | 0 ||| qw: Goals: Normal
     0 | D:1      | 0 ||| PLANNING D:1-11
    21 | D:1      | 21 ||| Stepping ~*~*~tactically~*~*~ (water).
   110 | D:1      | Reached skill level 6 in Ranged Weapons
   110 | D:1      | Reached XP level 2. HP: 15/16 MP: 4/4
   394 | D:1      | Reached XP level 3. HP: 20/20 MP: 5/5
   637 | D:1      | 637 ||| UPGRADING to +0 ring mail.
   647 | D:1      | 647 ||| DROPPING +0 leather armour.
   648 | D:1      | 648 ||| READING 2 scrolls labelled VADDEOLAUTT.
   652 | D:1      | 652 ||| READING scroll labelled RUYTSI MUUCZIPP.
   653 | D:1      | 653 ||| DROPPING scroll of butterflies.
   792 | D:2      | 792 ||| Stepping ~*~*~tactically~*~*~ (outnumbered).
   797 | D:2      | 797 ||| FLEEEEING.
   798 | D:2      | 798 ||| FLEEEEING.
   862 | D:2      | Reached skill level 7 in Ranged Weapons
  1126 | D:2      | Reached XP level 4. HP: 25/25 MP: 6/6
  1387 | D:2      | Identified the +3 leather armour of Light {Str+3 SInv}
  1504 | D:2      | 1504 ||| UPGRADING to +0 helmet.
  1509 | D:2      | 1509 ||| UPGRADING to +3 leather armour of Light {Str+3
                  | SInv}.
  1519 | D:2      | 1519 ||| DROPPING +0 ring mail.
  1520 | D:2      | 1520 ||| UPGRADING to amulet of guardian spirit.
  1525 | D:2      | 1525 ||| UPGRADING to +4 ring of protection.
  1526 | D:2      | 1526 ||| READING scroll labelled WIGORCH BOSKI.
  1527 | D:2      | 1527 ||| READING scroll labelled MOECZE AQUZICH.
  1528 | D:2      | 1528 ||| READING scroll labelled KIEDDE VOTTEG.
  1978 | D:3      | Reached skill level 8 in Ranged Weapons
  2090 | D:3      | Noticed Natasha
  2111 | D:3      | Killed Natasha
  2112 | D:3      | Reached skill level 3 in Dodging
  2112 | D:3      | Reached XP level 5. HP: 20/29 MP: 4/7
  2286 | D:3      | Noticed Natasha
  2293 | D:3      | Killed Natasha
  2335 | D:3      | 2335 ||| UPGRADING to +0 pair of boots.
  2340 | D:3      | 2340 ||| DRINKING 3 bubbling golden potions.
  2410 | D:4      | Reached skill level 9 in Ranged Weapons
  2422 | D:4      | Noticed Duvessa
  2445 | D:4      | HP: 3/29 [Duvessa/+0 rapier (7)]
  2446 | D:4      | 2446 ||| READING 2 scrolls of teleportation.
  2449 | D:4      | Killed Duvessa
  2450 | D:4      | Reached XP level 6. HP: 4/36 MP: 1/8
  2456 | D:4      | Noticed Grinder
  2457 | D:4      | 2457 ||| READING scroll of teleportation.
  2509 | D:4      | Noticed Dowan
  2518 | D:4      | HP: 9/36 [Dowan/+0 dagger (3)]
  2522 | D:4      | HP: 1/36 [Dowan/shard of ice (9)]
  2523 | D:4      | Killed Dowan
  2679 | D:4      | 2679 ||| Stepping ~*~*~tactically~*~*~ (outnumbered).
  2818 | D:4      | Reached skill level 10 in Ranged Weapons
  2989 | D:4      | Noticed an orc warrior
  2999 | D:4      | HP: 2/36 [orc warrior/+0 glaive (14)]
  3002 | D:4      | Reached XP level 7. HP: 3/40 MP: 0/9
  3006 | D:4      | Slain by an orc warrior

Levels and vault maps discovered:
D:1:      saegor_arrival_under_anarchy, layout_loops_ring, bh_walls_and_bars
D:2:      layout_loops_corners, minmay_tetromino_o4
D:3:      layout_basic, minmay_lizard_king, uniq_natasha
D:4:      minmay_thinvault, layout_cave_pools, uniq_grinder, uniq_ijyb,
          uniq_duvessa

Skill      XL: |  1  2  3  4  5  6 |
---------------+-------------------+-----
Ranged Weapons | 6 7 8 9 10 | 10.0
Dodging        | 3 |  3.7
Fighting       | 2 |  2.7
Stealth        | |  1.2

Action                     |  1- 3 |  4- 6 |  7- 9 || total
---------------------------+-------+-------+-------++-------
   Fire: Shortbow          |   110 |   261 |     5 ||   376
    Use: Scroll            |     2 |     5 |       ||     7
         Potion            |       |     1 |       ||     1
 Armour: Leather armour    |     4 |    50 |       ||    54
         Ring mail         |     9 |       |       ||     9
  Dodge: Dodged            |    20 |    71 |     2 ||    93

Table legend:
 A = Non-vault XP
 B = Vault XP
 C = Vault XP percentage of total XP
 D = Non-vault monster count
 E = Vault monster count
 F = Vault count percentage of total count
                 A         B        C        D         E       F
            +---------+---------+-------+---------+---------+-------
      Total |     376 |     366 |  49.3 |      77 |      20 |  20.6
            +---------+---------+-------+---------+---------+-------
        D:1 |      47 |       0 |   0.0 |      22 |       0 |   0.0
        D:2 |      51 |       9 |  15.0 |      21 |       3 |  12.5
        D:3 |      82 |      45 |  35.4 |      19 |      10 |  34.5
        D:4 |     196 |     312 |  61.4 |      15 |       7 |  31.8
            +---------+---------+-------+---------+---------+-------
